 Dungeon Sprint DCSS version 0.30.1-11-g7821555f0a (webtiles) character file.

Game seed: 6263409270136229502

4361 Groucho the Unseen (level 10, 0/49 HPs)
             Began as a Spriggan Enchanter on Dec 9, 2023.
             Was a Priest of Dithmenos.
             Engulfed by a death drake's foul pestilence (7 damage)
             ... in the Dungeon (Sprint II: "The Violet Keep of Menkaure").
             The game lasted 00:09:48 (2152 turns).

Groucho the Unseen (Spriggan Enchanter)             Turns: 2152, Time: 00:09:49

Health: 0/49       AC:  2    Str:  4    XL:     10   Next: 12%
Magic:  19/21      EV: 20    Int: 17    God:    Dithmenos [***...]
Gold:   112        SH:  0    Dex: 16    Spells: 10/32 levels left

rFire   + . .        a - +1 dagger
rCold   + . .        (no shield)
rNeg    . . .        b - +0 robe
rPois   .            (helmet restricted)
rElec   .            (no cloak)
rCorr   .            (gloves unavailable)
SInv    +            (boots unavailable)
Will    +....        (no amulet)
Stlth   +++++++++    f - ring of protection from fire
HPRegen 0.28/turn    c - ring of protection from cold
MPRegen 0.17/turn

%: no teleportation
@: lethally poisoned (0 -> -94), wreathed by umbra, very quick
A: very small, no large weapons, unfitting armour, see invisible, speed 3, dopey
2, low MP 2, inhibited regeneration
a: Renounce Religion, Shadow Step


You were in the Dungeon.
You worshipped Dithmenos.
Dithmenos was most pleased with you.
You visited 1 branch You collected 1320 gold pieces.
You spent 1208 gold pieces at shops.

Inventory:

Hand Weapons
 a - a +1 dagger (weapon)
Armour
 b - a +0 robe (worn)
Jewellery
 c - a ring of protection from cold (right hand)
 f - a ring of protection from fire (left hand)
Potions
 g - 2 potions of magic
 h - a potion of berserk rage


   Skills:
 - Level 3.0 Fighting
 - Level 10.0 Short Blades
 - Level 6.0 Dodging
 - Level 15.0 Stealth
 + Level 11.6 Spellcasting
 + Level 6.9 Conjurations
 - Level 14.0 Hexes
 + Level 7.6 Fire Magic


You had 10 spell levels left.
You knew the following spells:

 Your Spells              Type           Power      Damage    Failure   Level
a - Ensorcelled Hibernat  Hex/Ice        66%        N/A       1%          2
b - Confusing Touch       Hex            55%        N/A       1%          3
c - Dazzling Flash        Conj/Hex       90%        N/A       1%          3
d - Tukima's Dance        Hex            55%        N/A       1%          3
e - Fireball              Conj/Fire      17%        3d9       10%         5
f - Starburst             Conj/Fire      17%        6d6       50%         6

Your spell library contained the following spells:

 Spells                   Type           Power      Damage    Failure   Level
 Foxfire                  Conj/Fire      100%       2x1d9     1%          1
 Plasma Beam              Fire/Air       11%        2x1d24    93%         6


Dungeon Overview and Level Annotations

Branches:
Dungeon (1/1)

Altars:
Cheibriados
Dithmenos
Elyvilon
Fedhas
Gozag
Hepliaklqana
Kikubaaqudgha
Makhleb
Nemelex Xobeh
Okawaru
Qazlal
Ru
Sif Muna
Trog
Uskayaw
Vehumet
Wu Jian
Xom
Yredelemnul
Zin
The Shining One
Jiyva
Lugonu

Shops:
D !:?[[=![(*=![:=

Annotations:
D exclusions: obsidian statue and oklob plant


Innate Abilities, Weirdness & Mutations

You are very small and have problems with some larger weapons.
You are too small for most types of armour.
You have supernaturally acute eyesight. (SInv)
You cover ground extremely quickly. (Speed+++)
You are very dopey. (Int -4)
Your magical capacity is very low. (-20% MP)
You do not regenerate when monsters are visible.


Message History

Hit: a) +1 dagger
Press: ? - help, Dir - move target
Okay, then.
There is an open door here.
You close the door.
You start resting.
HP restored.
You start resting.
Magic restored.
You start waiting.
You start waiting.
You start waiting.
Done waiting.
You open the door.
There is an open door here.
There is an open door here.
Okay, then.
You enter the shallow water.
Moving in this stuff is going to be slow.
Casting: Fireball (quite dangerous; 10% risk of failure)
Confirm with . or Enter, or press ? or * to list all spells.
Aiming: Ensorcelled Hibernation (safe; 1% risk of failure)
Press: ? - help, Shift-Dir - straight line, f - death drake
Aim: a death drake (wandering, hasn't noticed you, chance to affect: 45%)
The death drake hisses angrily.
The death drake looks drowsy...
The death drake hisses angrily.
The death drake breathes miasma at you. The foul vapour engulfs you!
You are poisoned.
You are engulfed in dark miasma.
You are lethally poisoned!
You feel extremely sick.
There is an open door here.
You are engulfed in dark miasma.
You are more poisoned.
* * * LOW HITPOINT WARNING * * *
You feel extremely sick.
You close the door.
You are engulfed in dark miasma.
You are more poisoned.
You die... #..○○○.○. ##≈...### ##..°°.°. #e≈.....## ~#+++#'°'#####..^.#!## ~....°....#..'....#99# ~~.##°##..#..####.#§.# ~~##.#.##.####.÷'.##☼# ~~#..#..#....#÷.#○°k#### #####.#####..#####°°##)# ?[!!$

#.###'# #.##..#.@+○°#.†#▓$))$$[
.#.##.###..#..#.(#°°#..#▓$?[!)!!
###'.<.'##.'..####°.##.#▓=$)$!)?
.#.##.##.#.#....###...##▓▓▓▓▓▓▓+
#.###'###.##......~~~~~~~~~~~~~
####..#####~~.....~#'########+###
~~#..##†#~~~~~~~..~#_._.....#§§§#
#~##.#.##~~~~~§§~§~#._._....#§§§≈
#~~##+##~~~≈§§§~§~~#_._._...#~§~~


There were no monsters in sight!

Vanquished Creatures
  An iron elemental (D)
  A death drake (D)
  3 shining eyes (D)
  A yaktaur (D)
  2 polar bears (D)
  2 wyverns (D)
  4 neqoxecs (D)
  A vampire mosquito (D)
  Menkaure (D)
  A swamp drake (D)
  3 black bears (D)
  4 scorpions (D)
  3 worms (D)
27 creatures vanquished.

Vanquished Creatures (others)
  A hornet (D)
  A polar bear (D)
  A water moccasin (D)
3 creatures vanquished.

Grand Total: 30 creatures vanquished

Notes
Turn   | Place    | Note
-------+----------+-------------------------------------------
     0 | D        | Groucho the Spriggan Enchanter began the quest for the Orb.
     0 | D        | Reached XP level 1. HP: 9/9 MP: 5/5
     3 | D        | Noticed a scorpion
     3 | D        | Noticed a scorpion
     5 | D        | Noticed a scorpion
     5 | D        | Noticed a scorpion
    13 | D        | Noticed a wyvern
    13 | D        | Noticed a wyvern
    20 | D        | Reached skill level 5 in Stealth
    22 | D        | Reached skill level 1 in Fighting
    23 | D        | Noticed an ice statue
    27 | D        | Reached XP level 2. HP: 14/14 MP: 7/7
    37 | D        | Noticed a neqoxec
    41 | D        | Killed a neqoxec
    42 | D        | Reached skill level 5 in Short Blades
    42 | D        | Reached skill level 11 in Stealth
    42 | D        | Reached skill level 5 in Hexes
    42 | D        | Reached XP level 3. HP: 20/20 MP: 7/9
    42 | D        | Reached XP level 4. HP: 24/24 MP: 8/11
    42 | D        | Reached XP level 5. HP: 28/28 MP: 8/12
    42 | D        | Noticed a neqoxec
    43 | D        | Killed a neqoxec
    44 | D        | Reached skill level 15 in Stealth
    44 | D        | Reached XP level 6. HP: 32/32 MP: 8/13
    44 | D        | Noticed a neqoxec
    44 | D        | Noticed a neqoxec
    46 | D        | Killed a neqoxec
    47 | D        | Reached skill level 10 in Hexes
    48 | D        | Killed a neqoxec
    49 | D        | Reached XP level 7. HP: 36/36 MP: 8/14
    88 | D        | Killed a wyvern
   100 | D        | Killed a wyvern
   101 | D        | Reached XP level 8. HP: 21/40 MP: 12/15
   430 | D        | Learned a level 2 spell: Ensorcelled Hibernation
   434 | D        | Learned a level 3 spell: Confusing Touch
   438 | D        | Learned a level 3 spell: Dazzling Flash
   442 | D        | Learned a level 3 spell: Tukima's Dance
   442 | D        | Found Todics's Jewellery Emporium.
   442 | D        | Found Siepty's Distillery.
   442 | D        | Found Qahitwus's Book Shoppe.
   442 | D        | Found Emephuav's Jewellery Emporium.
   443 | D        | Found Numop's Antique Armour Emporium.
   443 | D        | Found Mutt's Antique Weapon Shoppe.
   443 | D        | Found Gobryimp's Antique Armour Emporium.
   443 | D        | Found Wittab's Distillery.
   448 | D        | Found Olimi's General Store.
   448 | D        | Found Wirotuce's Jewellery Emporium.
   448 | D        | Found Fextivam's Antique Armour Shoppe.
   448 | D        | Noticed Menkaure
   448 | D        | Noticed a polar bear
   450 | D        | Noticed a polar bear
   462 | D        | Killed Menkaure
   463 | D        | Reached skill level 10 in Short Blades
   465 | D        | Found Pohed's Antique Armour Shoppe.
   465 | D        | Found Sopn's Magic Scroll Emporium.
   465 | D        | Noticed an oklob plant
   465 | D        | Noticed a fire dragon
   466 | D        | Found Ikhlaul's Distillery.
   466 | D        | Found Timipsov's Book Shoppe.
   470 | D        | Noticed an ice dragon
   489 | D        | Bought a book of Fire for 616 gold pieces
   500 | D        | Bought a potion of flight for 42 gold pieces
   504 | D        | Bought a ring of protection from fire for 275 gold pieces
   538 | D        | Found an iron altar of Okawaru.
   538 | D        | Found a radiant altar of Vehumet.
   539 | D        | Found a sparkling altar of Nemelex Xobeh.
   539 | D        | Found a hide-covered altar of Uskayaw.
   539 | D        | Found a glowing silver altar of Zin.
   540 | D        | Found an opulent altar of Gozag.
   540 | D        | Found a burning altar of Makhleb.
   540 | D        | Found a bloodstained altar of Trog.
   541 | D        | Found a blossoming altar of Fedhas.
   541 | D        | Found a corrupted altar of Lugonu.
   541 | D        | Found a basalt altar of Yredelemnul.
   541 | D        | Found a shimmering blue altar of Sif Muna.
   542 | D        | Found a white marble altar of Elyvilon.
   542 | D        | Found an ancient bone altar of Kikubaaqudgha.
   545 | D        | Found a shadowy altar of Dithmenos.
   545 | D        | Found a viscous altar of Jiyva.
   546 | D        | Found a snail-covered altar of Cheibriados.
   548 | D        | Found a shimmering altar of Xom.
   548 | D        | Found a sacrificial altar of Ru.
   548 | D        | Found a hazy altar of Hepliaklqana.
   548 | D        | Noticed a hornet
   548 | D        | Noticed a polar bear
   549 | D        | Found a glowing golden altar of the Shining One.
   549 | D        | Found an ornate altar of the Wu Jian Council.
   549 | D        | Found a stormy altar of Qazlal.
   549 | D        | Noticed a yaktaur
   554 | D        | Became a worshipper of Dithmenos the Shadowed
   563 | D        | Noticed a polar bear
   563 | D        | Noticed a polar bear
   569 | D        | Killed a hornet
   572 | D        | Killed a polar bear
   574 | D        | Killed a polar bear
   575 | D        | Reached skill level 1 in Conjurations
   575 | D        | Reached skill level 1 in Fire Magic
   579 | D        | Killed a polar bear
   580 | D        | Reached skill level 5 in Spellcasting
   583 | D        | Killed a yaktaur
   583 | D        | Reached * piety under Dithmenos
   593 | D        | Noticed an iron elemental
   597 | D        | Killed an iron elemental
   598 | D        | Reached XP level 9. HP: 22/44 MP: 15/22
   610 | D        | Reached ** piety under Dithmenos
   611 | D        | Reached skill level 5 in Fire Magic
   618 | D        | Noticed a deep elf master archer
   623 | D        | Noticed a shining eye
   623 | D        | Noticed a shining eye
   623 | D        | Noticed a shining eye
   626 | D        | Gained mutation: Your magical capacity is low. (-10% MP) [a
                  | shining eye]
   632 | D        | Gained mutation: You do not regenerate when monsters are
                  | visible. [a shining eye]
   639 | D        | Killed a shining eye
   640 | D        | Reached skill level 5 in Conjurations
   646 | D        | Gained mutation: You are dopey. (Int -2) [a shining eye]
   648 | D        | Killed a shining eye
   648 | D        | Gained mutation: Your magical capacity is very low. (-20%
                  | MP) [a shining eye]
   649 | D        | Reached skill level 10 in Spellcasting
   653 | D        | Gained mutation: You are very dopey. (Int -4) [a shining
                  | eye]
   658 | D        | Killed a shining eye
   658 | D        | Reached *** piety under Dithmenos
   665 | D        | Learned a level 5 spell: Fireball
   672 | D        | Learned a level 6 spell: Starburst
   991 | D        | Noticed a death drake
   992 | D        | Noticed a death drake
   992 | D        | Noticed a crystal guardian
   995 | D        | Killed a death drake
   996 | D        | Reached XP level 10. HP: 5/49 MP: 17/21
  1455 | D        | Bought a ring of protection from cold for 275 gold pieces
  1784 | D        | Noticed an obsidian statue
  1792 | D        | Noticed a soul eater
  2152 | D        | Engulfed by a death drake's foul pestilence

Illustrated notes

Levels and vault maps discovered:
D:        the_violet_keep_of_menkaure [sprint2_stairs_cluster_1,
          sprint2_shoproom, sprint2_temple, sprint2_basic_supplies,
          sprint2_obstacle_2, sprint2_obstacle_1, sprint2_obstacle_3,
          sprint2_obstacle_6, sprint2_obstacle_7, sprint2_timed_cluster_1,
          sprint2_smallroom_cluster_1, sprint2_smallroom_final_cluster_1,
          sprint2_transparent_cluster_1, sprint2_second_timed_cluster_1,
          sprint2_sniper_area_1, sprint2_heavy_combat_area_1,
          sprint2_mutation_trap_area_1, sprint2_forest_area_1,
          sprint2_light_combat_area_1, sprint2_behind_water_1,
          sprint2_near_end_vault_1]

Skill      XL: |  1  2  3  4  5  6  7  8  9 |
---------------+----------------------------+-----
Dodging        | 3 6 |  6.0
Stealth        | 5 11 15 | 15.0
Spellcasting   | 3 4 8 11 | 11.6
Fighting       | 1 3 |  3.0
Short Blades   | 2 5 9 10 | 10.0
Hexes          | 4 5 6 12 14 | 14.0
Conjurations   | 4 6 |  6.9
Fire Magic     | 4 7 |  7.6

Action                     |  1- 3 |  4- 6 |  7- 9 | 10-12 || total
---------------------------+-------+-------+-------+-------++-------
  Melee: Dagger            |     7 |     3 |    79 |     5 ||    94
   Cast: Ensorcelled Hiber |       |       |     2 |     1 ||     3
         Confusing Touch   |       |       |     1 |     1 ||     2
         Dazzling Flash    |       |       |     6 |       ||     6
         Fireball          |       |       |       |     7 ||     7
    Use: Potion            |     3 |       |     3 |       ||     6
         Scroll            |       |       |       |     1 ||     1
   Stab: Sleeping          |     5 |     3 |     7 |       ||    15
         Invisible         |     1 |       |    15 |       ||    16
         Confused          |       |       |     1 |     1 ||     2
 Armour: Robe              |       |       |     2 |     1 ||     3
  Dodge: Dodged            |     2 |       |    37 |     9 ||    48
